 Dungeon Crawl Stone Soup version 0.28.0-43-g3370ac3207 (webtiles) character file.

Game seed: 11963378219727290616

368 Ablot the Grasshopper (level 6, -4/51 HPs)
             Began as a Gnoll Warper on Mar 3, 2022.
             Was a Follower of Elyvilon.
             Splashed by a jelly's acid (7 damage)
             ... on level 4 of the Dungeon.
             The game lasted 00:07:20 (4711 turns).

Ablot the Grasshopper (Gnoll Warper)                Turns: 4711, Time: 00:07:21

Health: -4/51      AC:  0    Str: 12    XL:     6   Next: 69%
Magic:  21/23      EV: 13    Int: 12    God:    Elyvilon [*.....]
Gold:   102        SH:  0    Dex: 12    Spells: 13/15 levels left

rFire   . . .      SeeInvis .   a - +0 trident
rCold   . . .      Faith    .   (no shield)
rNeg    . . .      Spirit   .   b - +0 leather armour
rPois   .          Reflect  .   z - +0 helmet
rElec   .          Harm     .   (no cloak)
rCorr   .          Rampage  .   (no gloves)
Will    .....                   (no boots)
Stlth   ++........              (no amulet)
HPRegen 0.17/turn               p - ring of magical power
MPRegen 0.18/turn               (no ring)

@: corroded, on blink cooldown
A: fangs 1, strong nose, distributed training
a: Renounce Religion, Purification


You were on level 4 of the Dungeon.
You worshipped Elyvilon.
Elyvilon was aware of your devotion.
You visited 1 branch of the dungeon, and saw 4 of its levels.

You collected 124 gold pieces.
You spent 22 gold pieces at shops.

Inventory:

Hand Weapons
 a - a +0 trident (weapon)
 o - a +0 hunting sling
 t - a +2 dagger of electrocution
 v - a +0 quick blade
 w - a +0 mace of holy wrath
Missiles
 d - 5 boomerangs of dispersal
 f - 161 stones
 i - 104 sling bullets
 m - 118 arrows
 r - 7 poisoned darts (quivered)
 x - 25 bolts
Armour
 b - a +0 leather armour (worn)
 z - a +0 helmet (worn)
Jewellery
 p - a ring of magical power (left hand)
Scrolls
 c - 2 scrolls of blinking
 e - a scroll of fog {unknown}
 h - a scroll of amnesia {unknown}
 j - 4 scrolls of identify
 q - a scroll of summoning {unknown}
 s - a scroll of teleportation {unknown}
 u - a scroll of enchant armour {unknown}
 y - a scroll of noise {unknown}
 A - a scroll of vulnerability {unknown}
Potions
 g - a potion of resistance {unknown}
 k - 2 potions of invisibility {unknown}
 l - a potion of attraction {unknown}
 n - 4 potions of mutation {unknown}
 B - a potion of brilliance {unknown}


   Skills:
 + Level 5.0 Fighting
 + Level 2.1 Short Blades
 + Level 2.1 Long Blades
 + Level 2.1 Axes
 + Level 2.1 Maces & Flails
 + Level 5.0 Polearms
 + Level 2.1 Staves
 + Level 2.1 Slings
 + Level 2.1 Bows
 + Level 2.1 Crossbows
 + Level 3.3 Throwing
 + Level 3.3 Armour
 + Level 5.0 Dodging
 + Level 2.1 Stealth
 + Level 2.1 Shields
 + Level 2.1 Unarmed Combat
 + Level 5.4 Spellcasting
 + Level 1.6 Conjurations
 + Level 1.6 Hexes
 + Level 1.6 Summonings
 + Level 1.6 Necromancy
 + Level 5.7 Translocations
 + Level 1.6 Transmutations
 + Level 1.6 Fire Magic
 + Level 1.6 Ice Magic
 + Level 1.6 Air Magic
 + Level 1.6 Earth Magic
 + Level 1.6 Poison Magic
 + Level 2.3 Invocations
 + Level 2.1 Evocations


You had 13 spell levels left.
You knew the following spells:

 Your Spells              Type           Power      Damage    Failure   Level
a - Blink                 Tloc           34%        N/A       3%          2

Your spell library contained the following spells:

 Spells                   Type           Power      Damage    Failure   Level
 Gell's Gravitas          Tloc           17%        N/A       7%          3
 Lesser Beckoning         Tloc           17%        N/A       7%          3
 Teleport Other           Tloc           17%        N/A       7%          3
 Slow                     Hex            28%        N/A       12%         1
 Confusing Touch          Hex            7%         N/A       36%         3
 Ignite Poison            Fire/Tmut/Pois 7%         N/A       36%         3
 Mephitic Cloud           Conj/Pois/Air  7%         N/A       36%         3
 Vampiric Draining        Necr           7%         2d6       36%         3
 Manifold Assault         Tloc           17%        N/A       54%         5
 Freezing Cloud           Conj/Ice/Air   3%         6-21      98%         5


Dungeon Overview and Level Annotations

Branches:
Dungeon (4/15)
 Temple: D:4-7

Altars:
Elyvilon
The Shining One

Shops:
D:2 [   D:3 ((*=   D:4 [

Annotations:
D:3 2 transporters, Sigmund


Innate Abilities, Weirdness & Mutations

You have very sharp teeth.
Your uncanny sense of smell can sniff out nearby items.
Your experience applies equally to all skills.


Message History

You are too injured to fight recklessly!
You are too injured to fight recklessly!
You hit the jelly but do no damage.
Your hands burn!
The jelly is heavily wounded.
The ball python closely misses you. The ball python constricts you.
Unknown command.
You hit the jelly but do no damage.
Your hands burn!
* * * LOW HITPOINT WARNING * * *
The jelly is heavily wounded.
The jelly closely misses you. The ball python bites you.
* * * LOW HITPOINT WARNING * * *
The ball python constricts you.
* * * LOW HITPOINT WARNING * * *
You hit the jelly.
Your hands burn!
* * * LOW HITPOINT WARNING * * *
The jelly is heavily wounded.
The ball python closely misses you. The ball python constricts you.
* * * LOW HITPOINT WARNING * * *
The jelly barely misses you.
Unknown command.
Casting: Blink (safe; 3% risk of failure)
Confirm with . or Enter, or press ? or * to list all spells.
You escape the ball python's grasp.
You blink.
Your +2 dagger of electrocution stops crackling.
a - a +0 trident (weapon)
Unknown command.
An orc priest comes into view. It is wielding a +0 club.
Found an escape hatch in the ceiling.
The orc priest shouts!
The orc priest calls down the wrath of Beogh upon you.
Beogh smites you! Elyvilon protects you from harm!
You hit the jelly.
Your hands burn!
* * * LOW HITPOINT WARNING * * *
The jelly is severely wounded.
The orc priest drinks a potion.
The orc priest seems to speed up.
The jelly hits you. Elyvilon protects you from harm!
You are splashed with acid!
You die...

#.# #.# #.. #.#
##. #.# . #.#
#.#######
##.......##
###.....)...##
..............#
...##........J@#
## #........S.#
#<.........#
#..........#
...........##
###..........
#..........#
....o.....#
#.....<..#


You could see a jelly, an orc priest (fast) and a ball python.

Vanquished Creatures
  A black bear (D:3)
  A howler monkey (D:4)
  A hound (D:4)
  2 orc wizards (D:4)
  Terence (D:3)
  5 adders
  2 worms (D:2)
  A dart slug (D:4)
  5 bats
  8 endoplasms
  3 giant cockroaches
  7 goblins
  8 hobgoblins
  12 jackals
  10 kobolds
  5 quokkas
  6 ball pythons
  3 frilled lizards
  2 rats
83 creatures vanquished.

Notes
Turn   | Place    | Note
-------+----------+-------------------------------------------
     0 | D:1      | Ablot the Gnoll Warper began the quest for the Orb.
     0 | D:1      | Reached XP level 1. HP: 20/20 MP: 6/6
   108 | D:1      | You fall into a shaft and drop 1 floor!
   128 | D:2      | Reached XP level 2. HP: 12/26 MP: 7/7
   138 | D:2      | Learned a level 2 spell: Blink
   365 | D:2      | Reached XP level 3. HP: 21/31 MP: 9/9
   374 | D:2      | Reached skill level 5 in Spellcasting
   802 | D:1      | Reached skill level 1 in Invocations
  1333 | D:1      | Reached skill level 1 in Short Blades
  1333 | D:1      | Reached skill level 1 in Long Blades
  1333 | D:1      | Reached skill level 1 in Axes
  1333 | D:1      | Reached skill level 1 in Maces & Flails
  1333 | D:1      | Reached skill level 1 in Staves
  1333 | D:1      | Reached skill level 1 in Slings
  1333 | D:1      | Reached skill level 1 in Bows
  1333 | D:1      | Reached skill level 1 in Crossbows
  1333 | D:1      | Reached skill level 1 in Stealth
  1333 | D:1      | Reached skill level 1 in Shields
  1333 | D:1      | Reached skill level 1 in Unarmed Combat
  1333 | D:1      | Reached skill level 1 in Evocations
  1544 | D:1      | Reached XP level 4. HP: 24/38 MP: 11/11
  2325 | D:2      | Found Lungacryuph's Armour Shop.
  2470 | D:2      | Reached skill level 1 in Conjurations
  2470 | D:2      | Reached skill level 1 in Hexes
  2470 | D:2      | Reached skill level 1 in Summonings
  2470 | D:2      | Reached skill level 1 in Necromancy
  2470 | D:2      | Reached skill level 1 in Transmutations
  2470 | D:2      | Reached skill level 1 in Fire Magic
  2470 | D:2      | Reached skill level 1 in Ice Magic
  2470 | D:2      | Reached skill level 1 in Air Magic
  2470 | D:2      | Reached skill level 1 in Earth Magic
  2470 | D:2      | Reached skill level 1 in Poison Magic
  2821 | D:2      | Found a faded altar of an unknown god.
  2895 | D:2      | Found a white marble altar of Elyvilon.
  3014 | D:2      | Became a worshipper of Elyvilon the Healer
  3121 | D:3      | Found Wopsao's Weapon Shop.
  3220 | D:3      | Found a transporter.
  3231 | D:3      | Noticed Terence
  3247 | D:3      | Killed Terence
  3248 | D:3      | Reached XP level 5. HP: 43/43 MP: 12/12
  3293 | D:3      | Noticed Sigmund
  3329 | D:3      | Found a transporter.
  3392 | D:3      | Noticed a black bear
  3429 | D:3      | Killed a black bear
  3430 | D:3      | Reached XP level 6. HP: 44/50 MP: 13/13
  3606 | D:3      | Reached * piety under Elyvilon
  3644 | D:3      | Found Ruf Naot's Weapon Shoppe.
  3745 | D:3      | Found Nafan's Jewellery Boutique.
  3760 | D:3      | Found a glowing golden altar of the Shining One.
  3896 | D:3      | Found Tuymay's General Store.
  3904 | D:3      | Bought a scroll of identify for 22 gold pieces
  4281 | D:4      | Found Ropuydaj's Armour Shoppe.
  4575 | D:4      | Reached skill level 5 in Fighting
  4575 | D:4      | Reached skill level 5 in Polearms
  4575 | D:4      | Reached skill level 5 in Dodging
  4710 | D:4      | Elyvilon protects you from harm!
  4711 | D:4      | Elyvilon protects you from harm!
  4711 | D:4      | Splashed by a jelly's acid

Illustrated notes

Levels and vault maps discovered:
D:1:      giann_horns, layout_basic
D:2:      layout_rooms, serial_shops, shop_fountains,
          hellmonk_ecumenical_altar_inner_sanctum, basic_altar
D:3:      gammafunk_wand_slinger, layout_basic, nicolae_overflow_hidden_temple,
          serial_shops, shop, shop, shop, shop, uniq_sigmund, uniq_terence
D:4:      layout_rooms, serial_shops, shop_fountains, kennysheep_another_room,
          nicolae_concentric_dashed_squares_wild, minmay_stone_trees_small,
          minmay_misc_feat_ornament, supply_closet_lemuel

Skill      XL: |  1  2  3  4  5  6 |
---------------+-------------------+-----
Spellcasting   | 5 |  5.4
Invocations    | 1 2 |  2.3
Short Blades   | 1 2 |  2.1
Long Blades    | 1 2 |  2.1
Axes           | 1 2 |  2.1
Maces & Flails | 1 2 |  2.1
Staves         | 1 2 |  2.1
Slings         | 1 2 |  2.1
Bows           | 1 2 |  2.1
Crossbows      | 1 2 |  2.1
Stealth        | 1 2 |  2.1
Shields        | 1 2 |  2.1
Unarmed Combat | 1 2 |  2.1
Evocations     | 1 2 |  2.1
Conjurations   | 1 |  1.6
Hexes          | 1 |  1.6
Summonings     | 1 |  1.6
Necromancy     | 1 |  1.6
Transmutations | 1 |  1.6
Fire Magic     | 1 |  1.6
Ice Magic      | 1 |  1.6
Air Magic      | 1 |  1.6
Earth Magic    | 1 |  1.6
Poison Magic   | 1 |  1.6
Throwing       | 3 |  3.3
Armour         | 3 |  3.3
Fighting       | 5 |  5.0
Polearms       | 5 |  5.0
Dodging        | 5 |  5.0
Translocations | |  5.7

Action                   |  1- 3 |  4- 6 || total
-------------------------+-------+-------++-------
Melee: Spear             |   148 |    97 ||   245
       Bite              |    15 |    14 ||    29
       Punch             |     3 |     3 ||     6
       Dagger            |       |   118 ||   118
       Trident           |       |     4 ||     4
Throw: Dart              |       |     5 ||     5
 Cast: Blink             |       |     2 ||     2
 Stab: Sleeping          |     1 |       ||     1
Armor: Leather armour    |    22 |    35 ||    57
Dodge: Dodged            |    93 |   133 ||   226
